 Dungeon Crawl Stone Soup version 0.30-a0-634-g8abc85282e (webtiles) character file.

Game seed: 15591988846336335371

1246 arctic1k the Magician (level 8, -4/46 HPs)
             Began as an Octopode Conjurer on Jan 14, 2023.
             Was an Initiate of Vehumet.
             Slain by a hornet (10 damage)
             ... on level 7 of the Dungeon.
             The game lasted 00:13:14 (5725 turns).

arctic1k the Magician (Octopode Conjurer)           Turns: 5725, Time: 00:13:15

Health: -4/46      AC:  1    Str:  6    XL:     8   Next: 50%
Magic:  14/18      EV: 13    Int: 22    God:    Vehumet [......]
Gold:   268        SH:  0    Dex: 11    Spells: 10/21 levels left

rFire   + . .      SeeInvis .    o - +1 dagger (venom)
rCold   . . .      Faith    .    (no shield)
rNeg    . . .      Spirit   .    (helmet restricted)
rPois   .          Reflect  .    (no amulet)
rElec   .          Harm     .    c - ring of protection from fire
rCorr   .          Rampage  .    B - ring of flight
Will    .....                    (no ring)
Stlth   +++                      (no ring)
HPRegen 0.27/turn                (no ring)
MPRegen 0.16/turn                (no ring)
                                 (no ring)
                                 (no ring)

@: flying, slowed, very slow
A: almost no armour, amphibious, 8 rings, camouflage 1, gelatinous body 1,
(nimble swimmer 1), tentacles
a: Renounce Religion


You were on level 7 of the Dungeon.
You worshipped Vehumet.
Vehumet was noncommittal.
You visited 2 branches of the dungeon, and saw 7 of its levels.

You collected 328 gold pieces.
You spent 60 gold pieces at shops.

Inventory:

Hand Weapons
 o - a +1 dagger of venom (weapon)
Missiles
 k - 9 poisoned darts
 n - 2 atropa-tipped darts
 y - 2 throwing nets
Jewellery
 c - a ring of protection from fire (left tentacle)
 B - a ring of flight (right tentacle)
Wands
 l - a wand of iceblast (20)
 C - a wand of charming (7)
Scrolls
 b - 4 scrolls of teleportation {unknown}
 f - a scroll of brand weapon {unknown}
 g - 3 scrolls of noise
 i - a scroll of amnesia {unknown}
 s - 2 scrolls of poison {unknown}
 u - a scroll of fear {unknown}
 v - 3 scrolls of identify
 w - a scroll of acquirement {unknown}
 x - a scroll of vulnerability {unknown}
 z - a scroll of enchant armour {unknown}
 A - a scroll of enchant weapon {unknown}
Potions
 a - 3 potions of magic
 d - a potion of brilliance
 e - 2 potions of ambrosia
 h - 2 potions of curing
 j - a potion of flight
 m - 2 potions of might
 p - 2 potions of berserk rage
 q - a potion of resistance
 r - a potion of haste
 t - a potion of mutation


   Skills:
 - Level 2.0 Dodging
 - Level 2.6 Stealth
 * Level 7.3 Spellcasting
 + Level 6.7 Conjurations
 + Level 3.1 Translocations


You had 10 spell levels left.
You knew the following spells:

 Your Spells              Type           Power      Damage    Failure   Level
a - Magic Dart            Conj           100%       1d8       1%          1
b - Searing Ray           Conj           74%        2d7       1%          2
c - Iskenderun's Mystic   Conj/Tloc      29%        2d7       11%         4
d - Fulminant Prism       Conj/Hex       11%        3d9       21%         4

Your spell library contained the following spells:

 Spells                   Type           Power      Damage    Failure   Level
 Dazzling Flash           Conj/Hex       44%        N/A       6%          3


Dungeon Overview and Level Annotations

Branches:
Dungeon (7/15)             Temple (1/1) D:7

Altars:
Ashenzari
Cheibriados
Dithmenos
Elyvilon
Fedhas
Gozag
Kikubaaqudgha
Nemelex Xobeh
Okawaru
Ru
Sif Muna
Trog
Uskayaw
Vehumet
Wu Jian
Xom
Yredelemnul
Zin
The Shining One

Shops:
D:1 !

Annotations:
D:3 Terence
D:4 Edmund


Innate Abilities, Weirdness & Mutations

You cannot wear most types of armour.
You are amphibious.
You can wear up to eight rings at the same time.
Your skin changes colour to match your surroundings (Stealth+).
Your rubbery body absorbs attacks. (AC +1, EV +1)
((You are camouflaged when in or above water. (Stealth+)))
You have tentacles for arms and can constrict up to eight enemies at once.


Message History

There is an open door here.
You reach down and open the door.
There is an open door here.
Found a cloak.
A hornet comes into view.
The hornet buzzes angrily.
You see here a +0 cloak.
The hornet attacks as you move away! The hornet closely misses you.
The hornet stings you!
You feel yourself slow down.
Casting: Magic Dart (safe; 1% risk of failure)
Confirm with . or Enter, or press ? or * to list all spells.
Aiming: Searing Ray (safe; 1% risk of failure)
Press: ? - help, Shift-Dir - straight line, f - hornet
Aim: a hornet (71% to hit)
Okay, then.
Unknown command.
Casting: Searing Ray (safe; 1% risk of failure)
Confirm with . or Enter, or press ? or * to list all spells.
Aiming: Searing Ray (safe; 1% risk of failure)
Press: ? - help, Shift-Dir - straight line, f - hornet
Aim: a hornet (71% to hit)
The searing ray hits the hornet.
The hornet is lightly wounded. (Press . to maintain the ray.)
The hornet stings you but does no damage.
The hornet stings you!
You feel as though you will be slow longer.
The searing ray hits the hornet.
The hornet is moderately wounded.
The hornet closely misses you. x2
The searing ray hits the hornet but does no damage.
The hornet is moderately wounded.
The hornet stings you but does no damage.
The hornet stings you!
* * * LOW HITPOINT WARNING * * *
You feel as though you will be slow longer.
The searing ray misses the hornet.
You finish channelling your searing ray.
The hornet stings you!
You die...

#### #### #..####...
#.......# #.......#
#.......# .. #.......+
... ## ####@###'## ...#
...#..#[.#y###..###...#
............#..........
............#..........
............#..........
####.###...##....##...
#. ######....##... ####
y +..........#... ..
#..........#...


You could see a hornet.

Vanquished Creatures
  Grinder (D:3)
  Sigmund (D:3)
  An ogre (D:5)
  3 phantoms
  A bullfrog (D:7)
  A gnoll sergeant (D:5)
  A scorpion (D:4)
  A centaur zombie (D:5)
  3 hounds (D:5)
  2 scorpion zombies (D:5)
  2 iguanas (D:5)
  An orc wizard (D:4)
  4 gnolls (D:5)
  5 adders
  A worm (D:3)
  3 dart slugs
  9 orcs
  7 ball pythons
  10 endoplasms
  3 giant cockroaches
  12 hobgoblins
  7 kobolds
  4 quokkas
  A bat (D:1)
  3 frilled lizards
  2 goblins
  7 rats
96 creatures vanquished.

Vanquished Creatures (others)
  8 withered plants
8 creatures vanquished.

Grand Total: 104 creatures vanquished

Notes
Turn   | Place    | Note
-------+----------+-------------------------------------------
     0 | D:1      | arctic1k the Octopode Conjurer began the quest for the Orb.
     0 | D:1      | Reached XP level 1. HP: 11/11 MP: 3/3
   194 | D:1      | Reached XP level 2. HP: 7/17 MP: 0/5
   600 | D:1      | Learned a level 2 spell: Searing Ray
   708 | D:1      | Reached XP level 3. HP: 21/21 MP: 0/7
   856 | D:1      | Reached skill level 3 in Spellcasting
  1076 | D:1      | Found Zenwona's Distillery.
  1090 | D:1      | Bought a potion of lignification for 30 gold pieces
  1090 | D:1      | Bought a potion of curing for 30 gold pieces
  1322 | D:2      | Found a faded altar of an unknown god.
  1547 | D:2      | Reached XP level 4. HP: 27/27 MP: 5/9
  1552 | D:2      | Learned a level 4 spell: Iskenderun's Mystic Blast
  1595 | D:2      | Identified the +8 dagger of Zeopipt {heavy, *Corrode rN+
                  | Dex+6 Stlth+}
  2351 | D:3      | Noticed Grinder
  2406 | D:3      | Noticed Sigmund
  2509 | D:3      | Paralysed by Grinder for 2 turns
  2510 | D:3      | Killed Grinder
  2511 | D:3      | Reached skill level 4 in Spellcasting
  2511 | D:3      | Reached skill level 5 in Conjurations
  2511 | D:3      | Reached XP level 5. HP: 31/31 MP: 4/12
  2511 | D:3      | Reached XP level 6. HP: 36/36 MP: 4/13
  2658 | D:3      | Killed Sigmund
  2659 | D:3      | Reached skill level 5 in Spellcasting
  2948 | D:3      | Noticed Terence
  3011 | D:3      | Learned a level 4 spell: Fulminant Prism
  3284 | D:4      | Reached XP level 7. HP: 41/41 MP: 9/15
  3791 | D:4      | Noticed Edmund
  4300 | D:5      | Entered Level 5 of the Dungeon
  4422 | D:5      | Reached skill level 6 in Spellcasting
  4422 | D:5      | Reached skill level 1 in Translocations
  4731 | D:5      | Reached XP level 8. HP: 46/46 MP: 8/17
  5056 | D:5      | Reached skill level 7 in Spellcasting
  5251 | D:4      | HP: 1/46 [phantom (6)]
  5421 | D:5      | You are sucked into a shaft and drop 2 floors!
  5455 | D:7      | Found a staircase to the Ecumenical Temple.
  5464 | Temple   | Entered the Ecumenical Temple
  5653 | Temple   | Became a worshipper of Vehumet
  5714 | D:7      | Noticed a hornet
  5725 | D:7      | Slain by a hornet

Illustrated notes

Levels and vault maps discovered:
D:1:      onia_arrival_mini_maze_b, layout_basic, serial_shops,
          nicolae_shop_window_shopping
D:2:      layout_loops_corners, serial_forest, infiniplex_forest_zigzag_2,
          infiniplex_forest_straight_4, infiniplex_forest_straight_2,
          infiniplex_forest_lined_2, ebering_ecumenical_altar_petrified,
          minmay_misc_feat_rugged
D:3:      layout_rooms, nrook_campfire, uniq_terence, uniq_grinder, uniq_sigmund
D:4:      layout_loops_corners, uniq_edmund
D:5:      layout_basic, serial_undead, serial_undead_e, serial_undead_c,
          serial_undead_b, serial_undead_a
D:7:      layout_gridville, minmay_temple_entry_slanted
Temple:   mainiacjoe_temple_circle_huts

Skill      XL: |  1  2  3  4  5  6  7  8 |
---------------+-------------------------+-----
Spellcasting   | 3 4 5 6 7 |  7.3
Conjurations   | 5 6 |  6.7
Translocations | 2 3 |  3.1
Dodging        | |  2.0
Stealth        | |  2.6

Action                   |  1- 3 |  4- 6 |  7- 9 || total
-------------------------+-------+-------+-------++-------
Melee: Unarmed           |    12 |       |       ||    12
       Constrict         |     3 |       |       ||     3
       Tentacles         |     1 |     1 |       ||     2
       Dagger            |       |    11 |     1 ||    12
 Cast: Magic Dart        |    65 |    37 |    52 ||   154
       Searing Ray       |       |     5 |    20 ||    25
  Use: Scroll            |     2 |     6 |       ||     8
       Potion            |       |     1 |     2 ||     3
Armor: Skin              |     1 |     7 |     5 ||    13
Dodge: Dodged            |    10 |     7 |    41 ||    58

Table legend: (Time is in decaauts)
 A = Elapsed time spent in this place.
 B = Non-inter-level travel time spent in this place.
 C = Inter-level travel time spent in this place.
 D = Time resting spent in this place.
 E = Time spent auto-exploring this place.
 F = Levels seen in this place.
 G = Mean time per level.
                   A        B        C        D        E       F      G
               +--------+--------+--------+--------+--------+-----+--------+
         Total |   5726 |   5373 |    353 |    819 |   3804 |   7 |  818.0 |
       Dungeon |   5519 |   5183 |    336 |    819 |   3641 |   6 |  919.8 |
        Temple |    206 |    189 |     17 |      0 |    163 |   1 |  206.0 |
               +--------+--------+--------+--------+--------+-----+--------+

Top non-repeatable levels by time:
     D:4: 1321 daAuts
     D:2: 1228 daAuts
     D:1: 1227 daAuts
     D:5: 844 daAuts
     D:3: 798 daAuts
  Temple: 206 daAuts
     D:7: 98 daAuts
